 Dungeon Crawl Stone Soup version 0.32-a0-918-g0f22ef8d61 (webtiles) character file.

Game seed: 10774959984362360658

158 Maxmaps the Ducker (level 5, 0/36 HPs)
             Began as an Octopode Shapeshifter on Apr 10, 2024.
             Slain by an endoplasm (2 damage)
             ... on level 3 of the Dungeon.
             The game lasted 00:03:21 (1998 turns).

Maxmaps the Ducker (Octopode Shapeshifter)          Turns: 1998, Time: 00:03:21

Health: 0/36       AC:  1    Str: 13    XL:     5   Next: 39%
Magic:  5/5        EV: 13    Int: 14    God:
Gold:   215        SH:  0    Dex: 12    Spells: 4/4 levels left

rFire   . .          .
                       - Unarmed
rCold   . . .        (no shield)
rNeg    . . .        (helmet currently unavailable)
rPois   .            (no amulet)
rElec   .            (no ring)
rCorr   .            (no ring)
SInv    .            (no ring)
Will    .....        (no ring)
Stlth   ++++         (no ring)
HPRegen 0.26/turn    (no ring)
MPRegen 0.09/turn    (no ring)
                     (no ring)

%: no passive effects
@: beast-form
A: beast (slay +1), almost no armour, amphibious, 8 rings, camouflage 1,
gelatinous body 1, nimble swimmer 1, tentacles
a: Begin Untransformation


You were on level 3 of the Dungeon.
You were a hulking beast.
You visited 1 branch of the dungeon, and saw 3 of its levels.

You collected 215 gold pieces.

Inventory:

Talismans
 b - a beast talisman (active)
 c - a flux talisman
Wands
 k - a wand of polymorph (8)
Scrolls
 d - a scroll of vulnerability {unknown}
 e - 2 scrolls of teleportation {unknown}
 f - a scroll of amnesia {unknown}
 i - 3 scrolls of identify {unknown}
 j - a scroll of fear {unknown}
 l - a scroll of poison {unknown}
 o - a scroll of noise {unknown}
 p - 2 scrolls of immolation {unknown}
Potions
 g - 3 potions of haste {unknown}
 h - 2 potions of curing {unknown}
 m - a potion of invisibility {unknown}
 n - a potion of ambrosia {unknown}


   Skills:
 - Level 3.0 Fighting
 + Level 3.8 Dodging
 - Level 3.2 Stealth
 - Level 3.0 Unarmed Combat
 - Level 3.0 Shapeshifting


You had 4 spell levels left.
You didn't know any spells.
Your spell library was empty.

Dungeon Overview and Level Annotations

Branches:
Dungeon (3/15)

Altars:


Innate Abilities, Weirdness & Mutations

You are a hulking beast.
Your limbs bulge with bestial killing power. (Slay +1)
You cannot wear most types of armour.
You are amphibious.
You can wear up to eight rings at the same time.
Your skin changes colour to match your surroundings (Stealth+).
Your rubbery body absorbs attacks. (AC +1, EV +1)
You are camouflaged when in or above water. (Stealth+)
You have tentacles for arms and can constrict up to eight enemies at once.


Message History

The orc wizard gestures wildly while chanting.
The orc wizard flickers and vanishes!
Deactivating autopickup; reactivate with Ctrl-A.
An endoplasm comes into view.
The orc hits you with a +2 dagger of flaming.
The orc burns you.
The orc unwields a +2 falchion of protection.
The orc wields a +0 sling.
The orc shoots a sling bullet.
The sling bullet barely misses you.
The sling bullet hits the plant.
The plant begins to die.
The orc hits the plant with a +0 short sword.
The plant begins to die.
You hear a splashing noise.
You closely miss the orc.
You feel less confused.
It was a potion of cancellation.
You feel magically purged.
A nearby plant withers and dies.
Okay, then.
You tentacle-slap the orc. You grab the orc.
The orc is heavily wounded.
You constrict the orc.
You kill the orc!
You hear a splash. x2
The orc hits you with a +0 hand axe.
You tentacle-slap the orc. Your grab misses the orc.
The orc is moderately wounded.
A nearby plant withers and dies.
The orc barely misses you. Something hits you. The giant cockroach bites you.
You completely miss the giant cockroach.
Your grab misses the giant cockroach. The orc hits you with a +0 hand axe.
* * * LOW HITPOINT WARNING * * *
Something hits you.
* * * LOW HITPOINT WARNING * * *
The giant cockroach splashes around in the water.
The orc hits you with a +0 short sword.
* * * LOW HITPOINT WARNING * * *
You tentacle-slap the orc. Your grab misses the orc.
The orc is heavily wounded.
The endoplasm hits you.
You die...

######## ##......##
##........# #...!......#
..... #........... .....
##..........# .....
#~~.~J......# ....#
#.~{ho......~
....#########.~oBo~....#.
.....##....#..~~~~......~
..............~~♣~~......
..............P~~~~~..?P~
....###.....##.~P~~..~~~~
>..## ###...##...♣~~~~~~♣
#..# ####.#####.~~♣~~~~~≈
..####....# ##~~~♣♣~♣≈≈


You could see 3 orcs, an endoplasm and a giant cockroach.

Vanquished Creatures
  4 gnolls (D:3)
  2 adders
  5 dart slugs
  3 ribbon worms
  6 orcs (D:3)
  11 ball pythons
  5 bats
  3 endoplasms
  5 giant cockroaches
  10 hobgoblins
  2 jackals (D:2)
  4 frilled lizards
  9 goblins
  4 kobolds
  2 rats
75 creatures vanquished.

Notes
Turn   | Place    | Note
-------+----------+-------------------------------------------
     0 | D:1      | Maxmaps the Octopode Shapeshifter began the quest for the
                  | Orb.
     0 | D:1      | Reached XP level 1. HP: 13/13 MP: 1/1
   130 | D:1      | Reached XP level 2. HP: 19/19 MP: 2/2
   506 | D:1      | Reached XP level 3. HP: 21/25 MP: 3/3
   768 | D:2      | Reached skill level 1 in Stealth
  1228 | D:2      | Reached XP level 4. HP: 26/31 MP: 4/4
  1709 | D:3      | Reached XP level 5. HP: 13/36 MP: 5/5
  1997 | D:3      | HP: 1/36 [orc/+0 short sword (3)]
  1998 | D:3      | Slain by an endoplasm

Illustrated notes

Levels and vault maps discovered:
D:1:      psy_arrival_heroes, layout_basic
D:2:      cheibrodos_greedy_goblins, layout_basic, st_stairs_10,
          kennysheep_boxes
D:3:      kennysheep_six_static_rooms, layout_rooms, dk_xom_monty_hall,
          serial_bayou, serial_bayou_shore_b, serial_bayou_shore_a,
          serial_bayou_ford_a, serial_bayou_lagoon_a

Skill      XL: |  1  2  3  4 |
---------------+-------------+-----
Fighting       | 2 3 |  3.0
Stealth        | 2 3 |  3.2
Dodging        | 3 |  3.8
Unarmed Combat | |  3.0
Shapeshifting  | |  3.0

Action                     |  1- 3 |  4- 6 || total
---------------------------+-------+-------++-------
  Melee: Unarmed           |    71 |    74 ||   145
         Constrict         |    25 |    21 ||    46
         Tentacles         |    12 |     8 ||    20
         Punch             |       |     1 ||     1
    Use: Potion            |       |     2 ||     2
   Stab: Sleeping          |     5 |    10 ||    15
 Armour: Skin              |    27 |    58 ||    85
  Dodge: Dodged            |    31 |    26 ||    57

Table legend: (Time is in decaauts)
 A = Elapsed time spent in this place.
 B = Non-inter-level travel time spent in this place.
 C = Inter-level travel time spent in this place.
 D = Time resting spent in this place.
 E = Time spent auto-exploring this place.
 F = Levels seen in this place.
 G = Mean time per level.
                   A        B        C        D        E       F      G
               +--------+--------+--------+--------+--------+-----+--------+
         Total |   1989 |   1949 |     40 |    175 |   1311 |   3 |  663.0 |
       Dungeon |   1989 |   1949 |     40 |    175 |   1311 |   3 |  663.0 |
               +--------+--------+--------+--------+--------+-----+--------+

Top non-repeatable levels by time:
     D:2: 893 daAuts
     D:1: 614 daAuts
     D:3: 481 daAuts
